 Dungeon Crawl Stone Soup version 0.24-a0-201-gf2055891f0 (webtiles) character file.

Game seed: 6680915962597453169

403 Esekla the Slasher (level 6, -5/44 HPs)
             Began as a Vampire Skald on Mar 22, 2019.
             Slain by Grinder (10 damage)
             ... on level 4 of the Dungeon.
             The game lasted 00:24:26 (3558 turns).

Esekla the Slasher (Vampire Skald)                  Turns: 3558, Time: 00:24:26

Health: -5/44      AC:  0    Str: 10    XL:     6   Next: 55%
Magic:  7/9        EV: 21    Int: 16    God:
Gold:   210        SH:  0    Dex: 20    Spells: 1/9 levels left

rFire    . . .     SeeInvis +   (weapon currently unavailable)
rCold    . . .     Gourm    .   (shield currently unavailable)
rNeg     + . .     Faith    .   (armour currently unavailable)
rPois    .         Spirit   .   (helmet currently unavailable)
rElec    .         Reflect  .   (cloak currently unavailable)
rCorr    .         Harm     .   (gloves currently unavailable)
MR       .....                  (boots currently unavailable)
Stlth    ++++......             (no amulet)
HPRegen  0.14/turn              (ring currently unavailable)
MPRegen  0.11/turn              (ring currently unavailable)

@: bat-form, flying, very quick
A: tiny, fangs 3, see invisible
a: End Transformation


You were on level 4 of the Dungeon.
You were not thirsty.
You were in vampire-bat-form.
You visited 1 branch of the dungeon, and saw 4 of its levels.

You collected 210 gold pieces.

Inventory:

Hand Weapons
 a - a +0 falchion (melded)
 h - a +0 dagger
Missiles
 l - 12 javelins (quivered)
Armour
 b - a +0 leather armour (melded)
 f - a scarf of repulsion (melded)
 u - the +1 pair of gloves "Barhesan" (melded) {rC+ Stlth+}
   (You found it on level 4 of the Dungeon)

   It protects you from cold.
   It makes you more stealthy.
Jewellery
 i - an uncursed ring of fire
 o - a ring of resist corrosion (melded)
 q - a ring of stealth (melded)
Wands
 r - a wand of flame (13)
Scrolls
 e - 3 scrolls of remove curse {unknown}
 n - 2 scrolls of enchant armour {unknown}
 p - 4 scrolls of teleportation {unknown}
Potions
 c - 2 potions of might
 d - 10 potions of blood
 g - 2 potions of lignification
 j - a potion of flight {unknown}
 k - a potion of heal wounds
 m - a potion of brilliance {unknown}
 s - a potion of curing {unknown}


   Skills:
 - Level 2.0 Fighting
 + Level 0.1(3.8) Short Blades
 * Level 5.6(5.7) Long Blades
 + Level 2.3 Armour
 + Level 3.0 Dodging
 + Level 2.1 Spellcasting
 * Level 2.0 Hexes
 - Level 3.2 Charms
 + Level 0.3 Translocations


You had one spell level left.
You knew the following spells:

 Your Spells              Type           Power        Failure   Level  Hunger
a - Infusion              Chrm           ##..         5%          1    #......
b - Shroud of Golubria    Chrm/Tloc      #.........   16%         2    ###....
c - Song of Slaying       Chrm           ##......     9%          2    ###....
d - Spectral Weapon       Hex/Chrm       ##......     21%         3    ###....

Your spell library contained the following spells:

 Spells                   Type           Power        Failure   Level  Hunger
 Regeneration             Chrm/Necr      #.........   30%         3    ###....


Dungeon Overview and Level Annotations

Branches:
Dungeon (4/15)
 Temple: D:4-7

Altars:
Ru

Annotations:
D:4 Grinder


Innate Abilities, Weirdness & Mutations

You have razor-sharp teeth.
You have supernaturally acute eyesight. (SInv)
((You can survive without breathing.))


Message History

You suddenly lose the ability to move!
A giant cockroach comes into view.
Grinder gestures at you. Pain shoots through your body!
* * * LOW HITPOINT WARNING * * *
Grinder gestures at you.
You struggle to resist.
You can move again.
There is a stone staircase leading down here.
You fail to use your ability.
You turn into a vampire bat.
Your +0 falchion melds into your body.
Your scarf of repulsion melds into your body.
The +1 pair of gloves "Barhesan" {rC+ Stlth+} melds into your body.
Your +0 leather armour melds into your body.
Your ring of stealth melds into your body.
Your ring of resist corrosion melds into your body.
The haze of the repulsion field disappears.
Grinder says, "FISH!"
Grinder hits you!
You die...

############## #..#
#.........b5s# #..#
#.##..######.# #..#
#.##..# #.# #..# #.##..#
#s# #..# #.##..# #.#
#..####.##..# #.#
#...........# #.#
........#.#.######.#
...##..#.##.............#


You could see Grinder and a giant cockroach.

Vanquished Creatures
  A hungry ghost (D:3)
  An ogre (D:4)
  A scorpion (D:4)
  A crimson imp (D:2)
  3 adders
  2 oozes (D:1)
  3 dart slugs
  4 leopard geckos
  An orc (D:4)
  6 ball pythons
  4 giant cockroaches
  3 goblins
  6 hobgoblins
  7 jackals
  6 bats
  A frilled lizard (D:2)
  9 kobolds
  8 rats
67 creatures vanquished.

Notes
Turn   | Place    | Note
-------+----------+-------------------------------------------
     0 | D:1      | Esekla the Vampire Skald began the quest for the Orb.
     0 | D:1      | Reached XP level 1. HP: 16/16 MP: 3/3
    91 | D:1      | Reached XP level 2. HP: 3/22 MP: 5/5
   390 | D:1      | Reached skill level 1 in Armour
   411 | D:1      | Reached skill level 3 in Long Blades
   631 | D:2      | Reached XP level 3. HP: 27/27 MP: 6/6
   758 | D:3      | Learned a level 2 spell: Shroud of Golubria
   761 | D:3      | Learned a level 2 spell: Song of Slaying
  1339 | D:3      | Noticed a hungry ghost
  1362 | D:2      | Found a sacrificial altar of Ru.
  2135 | D:2      | Reached XP level 4. HP: 22/33 MP: 5/7
  2339 | D:2      | Reached skill level 4 in Long Blades
  2751 | D:1      | Reached XP level 5. HP: 35/38 MP: 8/8
  3240 | D:3      | Learned a level 3 spell: Spectral Weapon
  3303 | D:3      | Killed a hungry ghost
  3303 | D:3      | Reached skill level 5 in Long Blades
  3303 | D:3      | Reached skill level 1 in Hexes
  3366 | D:4      | Noticed an ogre
  3405 | D:4      | Killed an ogre
  3405 | D:4      | Reached XP level 6. HP: 35/44 MP: 5/9
  3419 | D:4      | Got a pair of pitted gloves
  3439 | D:4      | Identified the +1 pair of gloves "Barhesan" {rC+ Stlth+}
                  | (You found it on level 4 of the Dungeon)
  3540 | D:4      | Noticed Grinder
  3543 | D:4      | Paralysed by Grinder for 3 turns
  3551 | D:4      | Paralysed by Grinder for 5 turns
  3558 | D:4      | Slain by Grinder

Levels and vault maps discovered:
D:1:      ebering_hopf_link, layout_rooms, item_on_display_a
D:2:      layout_basic, nicolae_ru_sacrificial_ziggurat, serial_bayou,
          serial_bayou_pond_a, serial_bayou_lagoon_a, serial_bayou_pond_a,
          serial_bayou_shore_a, minmay_shallow_snake_nest
D:3:      layout_loops_cross, minmay_misc_feat_square, st_stairs_8
D:4:      layout_loops_ring, nicolae_overflow_crystal_walls, minmay_pentangle,
          uniq_grinder

Skill      XL: |  1  2  3  4  5  6 |
---------------+-------------------+-----
Fighting       | 2 |  2.0
Armour         | 1 2 |  2.3
Long Blades    | 3 4 5 |  5.6
Hexes          | 1 2 |  2.0
Dodging        | 3 |  3.0
Short Blades   | |  0.1
Spellcasting   | |  2.1
Charms         | |  3.2
Translocations | |  0.3

Action                   |  1- 3 |  4- 6 || total
-------------------------+-------+-------++-------
Melee: Falchion          |   148 |   151 ||   299
       Bite              |    18 |    18 ||    36
       Dagger            |       |     2 ||     2
Throw: Javelin           |     2 |     3 ||     5
 Cast: Infusion          |     1 |     1 ||     2
       Shroud of Golubri |     3 |     4 ||     7
       Spectral Weapon   |       |     1 ||     1
       Song of Slaying   |       |     1 ||     1
 Abil: Bat Form          |     2 |     1 ||     3
       End Transformatio |     2 |       ||     2
  Use: Potion            |     3 |     4 ||     7
       Scroll            |     3 |       ||     3
 Stab: Sleeping          |     2 |     4 ||     6
Armor: Leather armour    |    49 |    32 ||    81
Dodge: Dodged            |   125 |    78 ||   203
       Deflected         |       |     3 ||     3
       Rpst.: Falchion   |    36 |    19 ||    55

Table legend:
 A = Non-vault XP
 B = Vault XP
 C = Vault XP percentage of total XP
 D = Non-vault monster count
 E = Vault monster count
 F = Vault count percentage of total count
                 A         B        C        D         E       F
            +---------+---------+-------+---------+---------+-------
      Total |     543 |      34 |   5.9 |      61 |       6 |   9.0
            +---------+---------+-------+---------+---------+-------
        D:1 |      57 |       0 |   0.0 |      25 |       0 |   0.0
        D:2 |      96 |      19 |  16.5 |      21 |       4 |  16.0
        D:3 |     184 |      15 |   7.5 |       8 |       2 |  20.0
        D:4 |     206 |       0 |   0.0 |       7 |       0 |   0.0
            +---------+---------+-------+---------+---------+-------
